 Dungeon Crawl Stone Soup version 0.24-a0-235-g3f03afcf10 (webtiles) character file.

Game seed: 15197751667397516831

2258 Hercules1031 the Blocker (level 9, -3/71 HPs)
             Began as a Formicid Fighter on Apr 7, 2019.
             Slain by an orc warrior
             ... wielding a +0 war axe
              (16 damage)
             ... on level 6 of the Dungeon.
             The game lasted 00:16:43 (6710 turns).

Hercules1031 the Blocker (Formicid Fighter)         Turns: 6710, Time: 00:16:43

Health: -3/71      AC:  7    Str: 24 (25) XL:     9   Next: 64%
Magic:  9/9        EV: 10    Int:  5 (7)  God:
Gold:   301        SH: 18    Dex:  9 (10) Spells: 8/8 levels left

rFire    . . .     SeeInvis +   s - +4 hand axe
rCold    . . .     Gourm    .   q - +1 large shield
rNeg     . . .     Faith    .   t - +0 scale mail {MR+}
rPois    .         Spirit   .   (helmet unavailable)
rElec    .         Reflect  .   (no cloak)
rCorr    .         Harm     .   (no gloves)
MR       +....                  (no boots)
Stlth    ..........             (no amulet)
HPRegen  0.21/turn              (no ring)
MPRegen  0.11/turn              (no ring)

@: no status effects
A: permanent stasis, dig shafts and tunnels, four strong arms, antennae 3
a: Dig, Shaft Self


You were on level 6 of the Dungeon.
You were very hungry.

You visited 1 branch of the dungeon, and saw 6 of its levels.

You collected 301 gold pieces.

Inventory:

Hand Weapons
 a - a +0 war axe
 g - the +0 war axe of Quantum Leap {chop, Str+2 Int-4 Dex+2}
   (You found it on level 6 of the Dungeon)

   It inflicts extra damage upon your enemies.
   It affects your strength (+2).
   It affects your intelligence (-4).
   It affects your dexterity (+2).
 s - a +4 hand axe (weapon)
Armour
 b - a +0 scale mail
 c - a +0 shield
 h - a +0 chain mail
 q - a +1 large shield (worn)
 t - a +0 scale mail of magic resistance (worn)
Scrolls
 i - a scroll of holy word {unknown}
 k - a scroll of remove curse
 n - 2 scrolls of magic mapping
Potions
 e - a potion of invisibility
 m - 4 potions of agility
 r - a potion of heal wounds
Comestibles
 f - 5 rations


   Skills:
 + Level 6.4 Fighting
 + Level 5.4 Axes
 + Level 6.5 Armour
 + Level 4.4 Dodging
 * Level 8.8 Shields


You had 8 spell levels left.
You didn't know any spells.
Your spell library contained the following spells:

 Spells                   Type           Power        Failure   Level  Hunger
 Confusing Touch          Hex            #.....       99%         1    ##.....
 Magic Dart               Conj           #...         99%         1    ##.....
 Call Imp                 Summ           #.......     100%        2    ###....
 Slow                     Hex            #.......     100%        2    ###....
 Confuse                  Hex            #.......     100%        3    ####...
 Conjure Flame            Conj/Fire      #.......     100%        3    ####...
 Gell's Gravitas          Tloc           #.........   100%        3    ####...
 Mephitic Cloud           Conj/Pois/Air  #.......     100%        3    ####...
 Petrify                  Tmut/Erth      #.......     100%        4    #####..
 Metabolic Englaciation   Hex/Ice        #.........   100%        5    ######.
 Yara's Violent Unravell  Hex/Tmut       #.........   100%        5    ######.
 Blink                    Tloc           Unusable     N/A         2    N/A

Dungeon Overview and Level Annotations

Branches:
Dungeon (6/15)             Temple (0/1) D:5

Altars:
Gozag
Makhleb
Wu Jian


Innate Abilities, Weirdness & Mutations

You cannot be hasted, slowed, berserked, paralysed or teleported.
You can dig through walls and to a lower floor.
Your four strong arms can wield two-handed weapons with a shield.
You have a pair of large antennae on your head. (SInv)


Message History

You block the water moccasin skeleton's attack.
You slash the water moccasin skeleton!
You destroy the water moccasin skeleton!
You feel your dexterity returning.
You closely miss the orc wizard. You hit the orc warrior.
You block the orc warrior's attack.
The orc wizard hits you with a cursed -1 dagger.
The orc warrior hits you with a +0 war axe!!
You completely miss the orc wizard. You hit the orc warrior.
The orc warrior hits you with a +0 war axe!
* * * LOW HITPOINT WARNING * * *
The orc wizard hits you but does no damage.
You completely miss the orc wizard. You barely miss the orc warrior.
You block the orc warrior's attack. The orc wizard closely misses you.
You hit the orc wizard.
The orc wizard is moderately wounded.
You hit the orc warrior but do no damage.
You block the orc warrior's attack. You block the orc wizard's attack.
The orc warrior hits you with a +0 war axe!
You die...

... ...# #.####..#
#.......#
####.......#########
............#....... #
###........#..... . .#.
#........#... ...
.#.####........#o##.....
......<.(......)@oo.....
.###.#.#####...####.....
.###...# #...# ...
......## #...# . ......#
##### ......# ......#
......# ......#


You could see an orc warrior and 2 orc wizards.

Vanquished Creatures
  Pikel (D:5)
  Grinder (D:5)
  Prince Ribbit (D:5)
  Sigmund (D:3)
  A hungry ghost (D:6)
  A black bear (D:6)
  An orc warrior (D:6)
  A sky beast (D:5)
  A centaur (D:5)
  A water moccasin skeleton (D:6)
  2 scorpions
  A crimson imp (D:6)
  2 orc priests (D:5)
  2 hounds (D:5)
  An orc wizard (D:6)
  2 bullfrog skeletons
  Jessica (D:3)
  An iguana (D:5)
  3 worker ants
  A hound zombie (D:6)
  2 hound skeletons
  3 gnolls (D:3)
  8 adders
  2 oozes
  4 worms
  A dart slug (D:1)
  5 leopard geckos
  14 orcs
  7 bats
  9 giant cockroaches
  12 goblins
  9 hobgoblins
  14 jackals
  6 kobolds
  2 quokkas (D:5)
  2 ball pythons (D:1)
  8 frilled lizards
  A jackal skeleton (D:5)
  7 rats
  A plant (D:6)
143 creatures vanquished.

Notes
Turn   | Place    | Note
-------+----------+-------------------------------------------
     0 | D:1      | Hercules1031 the Formicid Fighter began the quest for the
                  | Orb.
     0 | D:1      | Reached XP level 1. HP: 18/18 MP: 1/1
    39 | D:1      | Reached XP level 2. HP: 16/24 MP: 2/2
   456 | D:1      | Reached XP level 3. HP: 29/29 MP: 3/3
   608 | D:1      | Reached skill level 4 in Shields
   624 | D:1      | Reached skill level 1 in Dodging
   843 | D:1      | Reached XP level 4. HP: 31/37 MP: 4/4
  1916 | D:2      | Reached XP level 5. HP: 14/42 MP: 5/5
  2601 | D:3      | Noticed Sigmund
  2615 | D:3      | Killed Sigmund
  2615 | D:3      | Reached XP level 6. HP: 24/49 MP: 6/6
  2866 | D:3      | Reached skill level 5 in Shields
  2910 | D:3      | Noticed Jessica
  2918 | D:3      | Killed Jessica
  3056 | D:3      | Reached XP level 7. HP: 24/55 MP: 7/7
  4353 | D:5      | Entered Level 5 of the Dungeon
  4797 | D:5      | Reached skill level 5 in Fighting
  4797 | D:5      | Reached skill level 5 in Armour
  4797 | D:5      | Reached skill level 6 in Shields
  5068 | D:5      | Found a staircase to the Ecumenical Temple.
  5172 | D:5      | Noticed Prince Ribbit
  5646 | D:5      | Noticed Grinder
  5673 | D:5      | Killed Grinder
  5673 | D:5      | Reached XP level 8. HP: 38/62 MP: 8/8
  5696 | D:5      | Noticed Pikel
  5722 | D:5      | Killed Pikel
  5722 | D:5      | Reached skill level 7 in Shields
  5771 | D:5      | Reached XP level 9. HP: 47/69 MP: 9/9
  5773 | D:5      | Killed Prince Ribbit
  5773 | D:5      | Reached skill level 8 in Shields
  5790 | D:5      | Reached skill level 5 in Axes
  6472 | D:6      | Found an ornate altar of the Wu Jian Council.
  6480 | D:6      | Found a burning altar of Makhleb.
  6484 | D:6      | Found an opulent altar of Gozag.
  6542 | D:6      | Got a crystal war axe
  6543 | D:6      | Identified the +0 war axe of Quantum Leap {chop, Str+2
                  | Int-4 Dex+2} (You found it on level 6 of the Dungeon)
  6710 | D:6      | Slain by an orc warrior

Levels and vault maps discovered:
D:1:      lemuel_arrival_cross, layout_basic, minmay_lizard_king
D:2:      layout_loops_ring, hangedman_decor_peaks_small,
          minmay_worlds_worst_comb
D:3:      layout_basic, chequers_avenue, kennysheep_generic_room_7,
          uniq_sigmund, uniq_jessica
D:4:      layout_loops_cross, minmay_stone_trees_small
D:5:      layout_basic, minmay_temple_entry_statues, first_ration, uniq_grinder,
          uniq_prince_ribbit1, uniq_pikel
D:6:      layout_basic, gammafunk_temple_overflow_forgotten, uniq_duvessa,
          uniq_crazy_yiuf_cottage

Skill      XL: |  1  2  3  4  5  6  7  8  9 |
---------------+----------------------------+-----
Shields        | 4 5 6 7 8 |  8.8
Dodging        | 1 2 3 4 |  4.4
Fighting       | 4 5 6 |  6.4
Axes           | 3 4 5 |  5.4
Armour         | 4 5 6 |  6.5

Action                   |  1- 3 |  4- 6 |  7- 9 || total
-------------------------+-------+-------+-------++-------
Melee: War axe           |    86 |   148 |   167 ||   401
       Hand axe          |       |    15 |   175 ||   190
  Use: Scroll            |       |     5 |     5 ||    10
       Potion            |       |     5 |    10 ||    15
  Eat: Ration            |       |     2 |     4 ||     6
Armor: Scale mail        |    53 |    72 |    55 ||   180
       Chain mail        |       |       |    12 ||    12
Dodge: Dodged            |    35 |    56 |    73 ||   164
Block: Shield            |    53 |    82 |       ||   135
       Large shield      |       |    30 |   307 ||   337

Table legend:
 A = Non-vault XP
 B = Vault XP
 C = Vault XP percentage of total XP
 D = Non-vault monster count
 E = Vault monster count
 F = Vault count percentage of total count
                 A         B        C        D         E       F
            +---------+---------+-------+---------+---------+-------
      Total |    1759 |    1467 |  45.5 |     125 |      17 |  12.0
            +---------+---------+-------+---------+---------+-------
        D:1 |      65 |       9 |  12.2 |      31 |       7 |  18.4
        D:2 |      67 |       8 |  10.7 |      20 |       4 |  16.7
        D:3 |     165 |     270 |  62.1 |      31 |       3 |   8.8
        D:4 |     149 |       0 |   0.0 |       6 |       0 |   0.0
        D:5 |     604 |    1180 |  66.1 |      24 |       3 |  11.1
        D:6 |     709 |       0 |   0.0 |      13 |       0 |   0.0
            +---------+---------+-------+---------+---------+-------
